 Dungeon Crawl Stone Soup version 0.19-a0-981-gaae9137 (webtiles) character file.

39 4thArraOfDagon the Skirmisher (level 3, -4/40 HPs)
             Began as an Ogre Abyssal Knight on July 14, 2016.
             Was a Follower of Lugonu.
             Slain by an orc
             ... wielding a +1 trident of distortion
              (16 damage)
             ... on level 3 of the Dungeon.
             The game lasted 00:03:36 (746 turns).

4thArraOfDagon the Skirmisher (Ogre Abyssal Knight)  Turns: 746, Time: 00:03:37

Health: -4/40      AC:  4    Str: 17    XL:     3   Next: 45%
Magic:  4/4        EV: 10    Int: 12    God:    Lugonu [*.....]
Gold:   13         SH:  0    Dex:  9    Spells: 0 memorised, 2 levels left

rFire  . . .     SeeInvis .     a - +2 mace
rCold  . . .     Gourm    .     b - +0 robe
rNeg   . . .     Faith    .     (no shield)
rPois  .         Spirit   .     (helmet restricted)
rElec  .         Dismiss  .     h - +0 cloak
rCorr  .         Reflect  .     (gloves unavailable)
SustAt .         Harm     .     (boots unavailable)
MR     .....                    (no amulet)
Stlth  +.........               (no ring)
                                (no ring)

@: not resistant to hostile enchantments, very unstealthy
A: unfitting armour, tough skin 1
a: Depart the Abyss, Renounce Religion


You were on level 3 of the Dungeon.
You worshipped Lugonu.
Lugonu was aware of your devotion.
You were not hungry.

You visited 1 branch of the dungeon, and saw 5 of its levels.
You visited the Abyss 1 time.

You collected 13 gold pieces.

Inventory:

Hand Weapons
 a - a +2 mace (weapon)
Armour
 b - a +0 robe (worn)
 h - a +0 cloak (worn)
Wands
 q - a wand of teleportation (3/9)
Scrolls
 d - a scroll of remove curse {unknown}
 k - a scroll of blinking {unknown}
 n - a scroll of fear {unknown}
 o - a scroll of fog {unknown}
 p - a scroll of enchant armour {unknown}
 r - a scroll of teleportation {unknown}
Potions
 e - 2 potions of invisibility {unknown}
 f - a potion of flight {unknown}
 g - a potion of curing
 i - a potion of brilliance {unknown}
 l - 2 potions of cure mutation {unknown}
 m - a potion of lignification {unknown}
Comestibles
 c - 2 bread rations
 j - a beef jerky


   Skills:
 + Level 4.5 Fighting
 * Level 4.0 Maces & Flails
 - Level 2.1 Dodging
 + Level 2.4 Invocations


You had 2 spell levels left.
You didn't know any spells.

Dungeon Overview and Level Annotations

Branches:
Dungeon (5/15)             Temple (0/1) D:4

Altars:
Hepliaklqana

Annotations:
D:2 Sigmund
D:5 Dowan, Edmund


Innate Abilities, Weirdness & Mutations

You are too large for most types of armour.
You have tough skin. (AC +1)


Message History

You barely miss the orc.
The orc is severely wounded.
The orc hits you but does no damage.
You hit the orc.
You kill the orc!
Lugonu accepts your kill.
Your Maces & Flails skill increases to level 4!
It was a potion of curing.
You feel better.
The orc hits you with a trident of distortion.
Space bends around you.
You barely miss the orc.
The orc hits you with a trident of distortion.
Space bends around you.
* * * LOW HITPOINT WARNING * * *
Unknown command.
You feel better.
The orc hits you with a trident of distortion.
* * * LOW HITPOINT WARNING * * *
Space warps horribly around you!
You die...

#...# #######...#
#...# #.........#
#...# ##.#.......##
#...#
##..........†.
#...#
#..##''##.####
##...####..#≈≈≈≈#.#
#....'.o...#≈8.≈#.#
#
#...o#####.#≈>_≈#.#
## #.#....@.#
#.#≈≈≈≈#.#
#...#.#.#.##.#
#.######.#
...........#.# #..
..# ...#.#.#..#..
..# #.# # #>##.....
(# #.# ...... #.#
####### #.. ###


You could see an orc.

Vanquished Creatures
  An adder (D:3)
  A dart slug (D:1)
  An orc (D:3)
  4 bats
  A giant cockroach (D:4)
  5 goblins
  A hobgoblin (D:1)
  2 jackals (D:1)
  2 kobolds
  A giant gecko skeleton (D:4)
  A giant newt (D:2)
  5 rats
25 creatures vanquished.

Notes
Turn   | Place    | Note
-------+----------+-------------------------------------------
     0 | Abyss:1  | 4thArraOfDagon the Ogre Abyssal Knight began the quest for the Orb.
     0 | Abyss:1  | Reached XP level 1. HP: 24/24 MP: 2/2
    57 | Abyss:2  | Noticed a worldbinder
    58 | Abyss:2  | Noticed an ironheart preserver
    61 | Abyss:2  | Noticed a human
    71 | D:1      | Escaped the Abyss
   154 | D:1      | Reached XP level 2. HP: 23/32 MP: 3/3
   222 | D:1      | Reached * piety under Lugonu
   313 | D:2      | Noticed Sigmund
   336 | D:2      | You fall through a shaft!
   393 | D:2      | You fall through a shaft for 2 floors!
   449 | D:4      | Reached XP level 3. HP: 23/40 MP: 4/4
   540 | D:3      | Found a hazy altar of Hepliaklqana.
   592 | D:5      | Entered Level 5 of the Dungeon
   592 | D:5      | Noticed Dowan
   592 | D:5      | Noticed Edmund
   592 | D:5      | Noticed a water moccasin
   607 | D:4      | Found a staircase to the Ecumenical Temple.
   746 | D:3      | Slain by an orc

Vault maps used:
D:1:      saegor_arrival_simple_f
D:2:      minmay_misc_feat_secret_circle, dk_yredelemnul_ordeal, uniq_sigmund
D:3:      general_overflow_altar
D:4:      grunt_temple_overflow_cloverleaf
D:5:      kennysheep_little_box, first_bread, kennysheep_flooded_box,
          uniq_blork_the_orc, uniq_duvessa, uniq_edmund, uniq_menkaure

Skill      XL: |  1  2  3 |
---------------+----------+-----
Maces & Flails | 3 4 |  4.0
Fighting       | |  4.5
Dodging        | |  2.1
Invocations    | |  2.4

Action                   || total
-------------------------++-------
Melee: Mace              ||    67
Invok: Depart the Abyss  ||     1
  Use: Scroll            ||     1
       Potion            ||     2
Armor: Robe              ||    31
Dodge: Dodged            ||    45
